[Event "Titled Tuesday Blitz December 06 Late 2022"]
[White "Jimenez Almeida, Luis David"]
[Black "Kilic, Eray"]
[WhiteFideId "22242244"]
[BlackFideId "44517173"]
[WhiteElo "2158"]
[BlackElo "2328"]
[Result "0-1"]
[Round "01"]
[TimeControl "180+1"]
[Date "2022.12.07"]
[WhiteClock "0:00:45"]
[BlackClock "0:01:34"]

1. e4 e5 2. Nf3 d5 3. Nxe5 Bd6 4. d4 dxe4 5. Bf4 Nf6 6. Bc4 O-O 7. O-O Nc6 8. Nxc6 bxc6 9. Bg3 Rb8 10. Bb3 Re8 11. Nc3 Bg4 12. Qd2 Qd7 13. Rfe1 Rbd8 14. Na4 Bxg3 15. hxg3 Qxd4 16. Qa5 Re5 17. Qxc7 Rd7 18. Qb8+ Re8 19. Qf4 c5 20. c3 Qe5 21. Qxe5 Rxe5 22. f3 Bf5 23. Rad1 Rxd1 24. Rxd1 h5 25. Kf2 e3+ 26. Ke2 Bd7 27. c4 Rg5 28. g4 hxg4 29. f4 Rh5 30. Kxe3 Bc6 31. Rd8+ Kh7 32. Bc2+ g6 33. Rd6 Bxg2 34. Rxf6 Kg7 35. Ra6 g3 36. Bd1 Rh8 37. Nc3 Re8+ 38. Kd2 Bb7 39. Rxa7 g2 40. Ne2 Rxe2+ 41. Bxe2 g1=Q 42. Rxb7 Qd4+ 43. Kc2 Qe4+ 0-1


[Site "https://www.chess.com"]

[Event "Titled Tuesday Blitz December 06 Late 2022"]
[White "Johnson, Ben"]
[Black "Poliakova, Varvara"]
[WhiteFideId "2010917"]
[BlackFideId "13518313"]
[WhiteElo "2179"]
[BlackElo "2075"]
[Result "1-0"]
[Round "01"]
[TimeControl "180+1"]
[Date "2022.12.07"]
[WhiteClock "0:00:09"]
[BlackClock "0:00:15"]

1. Nf3 f5 2. d4 d6 3. c4 Nf6 4. g3 g6 5. Bg2 Bg7 6. O-O O-O 7. Nc3 Nc6 8. d5 Ne5 9. Nxe5 dxe5 10. e4 e6 11. b3 Qe7 12. Nb5 a6 13. Ba3 Qf7 14. Bxf8 Bxf8 15. Nc3 f4 16. Bh3 exd5 17. Bxc8 Rxc8 18. cxd5 Nh5 19. Rc1 f3 20. d6 Bh6 21. dxc7 Rxc7 22. Rc2 Rd7 23. Nd5 Kg7 24. Rc3 Qe6 25. Qxf3 Rf7 26. Rc7 Rxc7 27. Nxc7 Qc6 28. Nd5 Qc2 29. a4 Bg5 30. h4 Bd8 31. Rd1 Ba5 32. Kg2 b5 33. axb5 axb5 34. Rd3 Qc8 35. g4 Nf4+ 36. Nxf4 exf4 37. Qxf4 Qe6 38. Rd6 Qe7 39. g5 Bd8 40. Qf6+ Qxf6 41. gxf6+ Bxf6 42. Rb6 Bxh4 43. Rxb5 Kf6 44. Rc5 Bg5 45. b4 Bd2 46. b5 Ba5 47. b6 1-0


[Site "https://www.chess.com"]

[Event "Titled Tuesday Blitz December 06 Late 2022"]
[White "Kaganskiy, Gleb"]
[Black "Aldokhin, Ivan"]
[WhiteFideId "4132025"]
[BlackFideId "24115720"]
[WhiteElo "2165"]
[BlackElo "2313"]
[Result "1-0"]
[Round "01"]
[TimeControl "180+1"]
[Date "2022.12.07"]
[WhiteClock "0:00:08"]
[BlackClock "0:00:01"]

1. e4 c5 2. Nf3 e6 3. b3 b6 4. Bb2 Bb7 5. Nc3 d6 6. d4 cxd4 7. Nxd4 a6 8. Bd3 Nf6 9. O-O Nbd7 10. Qe2 Be7 11. Rad1 Qc7 12. a4 O-O 13. Kh1 Rfe8 14. f4 Bf8 15. Qf2 Qc5 16. h3 Rac8 17. Rde1 e5 18. Nf5 Qxf2 19. Rxf2 exf4 20. Rxf4 d5 21. Re2 Ne5 22. exd5 Nxd3 23. Rxe8 Rxe8 24. cxd3 h5 25. Nh6+ Kh7 26. Nxf7 Kg6 27. Nh8+ Kg5 28. Rf1 Re3 29. Bc1 Bc5 30. b4 1-0


[Site "https://www.chess.com"]

[Event "Titled Tuesday Blitz December 06 Late 2022"]
[White "Kamsky, Gata"]
[Black "Haszon, David"]
[WhiteFideId "2000024"]
[BlackFideId "733610"]
[WhiteElo "2666"]
[BlackElo "2210"]
[Result "1-0"]
[Round "01"]
[TimeControl "180+1"]
[Date "2022.12.06"]
[WhiteClock "0:00:53"]
[BlackClock "0:00:52"]

1. d4 Nf6 2. Bf4 d5 3. e3 c5 4. c3 Nc6 5. Nd2 Qb6 6. Qb3 c4 7. Qc2 Nh5 8. Bg3 f5 9. Be2 Nxg3 10. hxg3 g6 11. f4 Bg7 12. Ngf3 Be6 13. Ng5 Bg8 14. g4 e6 15. gxf5 exf5 16. g4 Ne7 17. Qa4+ Qc6 18. Qxc6+ bxc6 19. b3 cxb3 20. axb3 h6 21. Nh3 fxg4 22. Bxg4 h5 23. Be2 Nf5 24. Kf2 Be6 25. b4 Bf6 26. Nf3 Nd6 27. Nhg5 Bxg5 28. Nxg5 Bf5 29. Ra6 Kd7 30. Rha1 Nc8 31. Nf7 Re8 32. Ne5+ Rxe5 33. dxe5 Rb8 34. Kg3 Rb7 35. Kh4 Ke6 36. Rxc6+ Ke7 37. Kg5 Nb6 38. Bxh5 Bd7 39. Rxg6 1-0


[Site "https://www.chess.com"]

[Event "Titled Tuesday Blitz December 06 Late 2022"]
[White "Khandelwal, Ankush"]
[Black "Corrales Jimenez, Fidel"]
[WhiteFideId "413470"]
[BlackFideId "3506690"]
[WhiteElo "2271"]
[BlackElo "2541"]
[Result "0-1"]
[Round "01"]
[TimeControl "180+1"]
[Date "2022.12.07"]
[WhiteClock "0:00:05"]
[BlackClock "0:00:59"]

1. e4 c5 2. Nf3 d6 3. d4 cxd4 4. Nxd4 Nf6 5. Nc3 a6 6. f3 e5 7. Nb3 Be6 8. Be3 Nbd7 9. Qd2 h5 10. Nd5 Bxd5 11. exd5 Be7 12. Be2 Rc8 13. c4 e4 14. O-O Ne5 15. Nd4 exf3 16. gxf3 Nxc4 17. Bxc4 Rxc4 18. Nf5 O-O 19. Kh1 g6 20. Rg1 Kh7 21. Qd3 Rc8 22. Rae1 Ng8 23. Nxe7 Nxe7 24. Bg5 Rc7 25. Qe4 f6 26. Bh4 Nf5 27. Rxg6 Kxg6 28. Rg1+ Kh7 29. Qxf5+ Kh8 30. Qg6 Rh7 31. Bg3 Qe7 32. Bf4 Qf7 33. Qg3 Rg8 34. Qf2 Rxg1+ 35. Qxg1 Qxd5 36. Qe3 Qd1+ 37. Kg2 Rg7+ 38. Kh3 Kh7 39. Qe8 Qxf3+ 40. Bg3 Qf1+ 41. Kh4 Rg4+ 42. Kxh5 Qh3+ 43. Bh4 Qxh4# 0-1


[Site "https://www.chess.com"]

[Event "Titled Tuesday Blitz December 06 Late 2022"]
[White "Kim, Sergey"]
[Black "Shapiro, Daniel"]
[WhiteFideId "13700570"]
[BlackFideId "2001780"]
[WhiteElo "2618"]
[BlackElo "2302"]
[Result "1-0"]
[Round "01"]
[TimeControl "180+1"]
[Date "2022.12.07"]
[WhiteClock "0:00:54"]
[BlackClock "0:00:05"]

1. d4 Nf6 2. c4 e6 3. Nc3 Bb4 4. Qc2 d5 5. a3 Be7 6. Nf3 O-O 7. Bg5 Nbd7 8. e3 b6 9. cxd5 exd5 10. Bd3 a6 11. O-O Bb7 12. Ne5 h6 13. Bh4 c5 14. f4 Re8 15. Bf5 Nf8 16. Rad1 cxd4 17. exd4 b5 18. Qe2 Qb6 19. Qf3 Rad8 20. h3 Ne4 21. Be1 Qf6 22. Bxe4 dxe4 23. Nxe4 Qf5 24. Nf6+ gxf6 25. Qxb7 fxe5 26. fxe5 Qe6 27. Qf3 Rxd4 28. Rxd4 Bc5 29. Bf2 Bxd4 30. Bxd4 Ng6 31. Kh1 Rd8 32. Bc3 Rd5 33. Qg3 Kf8 34. Rf6 Qe7 35. Qxg6 Rd1+ 36. Kh2 1-0


[Site "https://www.chess.com"]

[Event "Titled Tuesday Blitz December 06 Late 2022"]
[White "Kleiman, Jake"]
[Black "Adury, Anant"]
[WhiteFideId "2020041"]
[BlackFideId "30964687"]
[WhiteElo "2564"]
[BlackElo "2170"]
[Result "1-0"]
[Round "01"]
[TimeControl "180+1"]
[Date "2022.12.07"]
[WhiteClock "0:02:35"]
[BlackClock "0:02:23"]

1. e4 c6 2. Nc3 d5 3. Nf3 Bg4 4. h3 Bxf3 5. Qxf3 e6 6. a3 Be7 7. Qg3 g6 8. Be2 Nf6 9. d3 O-O 10. O-O Nbd7 11. Bh6 Re8 12. e5 Nxe5 13. Qxe5 Bd6 14. Qg5 1-0


[Site "https://www.chess.com"]

[Event "Titled Tuesday Blitz December 06 Late 2022"]
[White "Koelle, Tobias"]
[Black "Graif, William"]
[WhiteFideId "16207378"]
[BlackFideId "2609835"]
[WhiteElo "2497"]
[BlackElo "2205"]
[Result "1-0"]
[Round "01"]
[TimeControl "180+1"]
[Date "2022.12.07"]
[WhiteClock "0:01:23"]
[BlackClock "0:00:03"]

1. d4 Nf6 2. Nf3 d5 3. e3 c5 4. Bd3 Nc6 5. c3 Bg4 6. O-O e5 7. dxe5 Nxe5 8. Be2 Bd6 9. Nxe5 Bxe2 10. Qxe2 Bxe5 11. Nd2 O-O 12. Nf3 Bc7 13. b3 Re8 14. Bb2 Qd6 15. Rad1 Rad8 16. Qd3 Ne4 17. g3 Qf6 18. Kg2 Re6 19. Qc2 Qf5 20. Nh4 Qh5 21. c4 dxc4 22. Rxd8+ Bxd8 23. Qxc4 Bxh4 24. f3 Nd2 25. Qc3 Bf6 26. Qxd2 h6 27. Bxf6 Rxf6 28. e4 Qg5 29. Qxg5 hxg5 30. Rd1 Ra6 31. a4 Rb6 32. Rd3 Kf8 33. Kh3 Ke7 34. Kg4 Kf6 35. Rd5 Rxb3 36. Rxc5 Rb4 37. a5 g6 38. Rd5 Ra4 39. Rb5 a6 40. Rxb7 Rxa5 41. Rb6+ Kg7 42. Rb7 Ra2 43. h3 Ra5 44. Ra7 Ra3 45. e5 a5 46. e6 Kf6 47. Rxf7+ Kxe6 48. Ra7 Kf6 49. Ra6+ Kg7 50. Kxg5 Rxf3 51. Ra7+ Kg8 52. g4 Rxh3 53. Kxg6 Kh8 54. Ra8# 1-0


[Site "https://www.chess.com"]

[Event "Titled Tuesday Blitz December 06 Late 2022"]
[White "Koellner, Ruben Gideon"]
[Black "Bernat, David"]
[WhiteFideId "12993093"]
[BlackFideId "2099225"]
[WhiteElo "2303"]
[BlackElo "2352"]
[Result "1-0"]
[Round "01"]
[TimeControl "180+1"]
[Date "2022.12.07"]
[WhiteClock "0:00:35"]
[BlackClock "0:00:11"]

1. d4 Nf6 2. Nf3 e6 3. Nbd2 d5 4. e3 c5 5. c3 Nc6 6. Bd3 Bd6 7. O-O O-O 8. dxc5 Bxc5 9. b4 Bd6 10. Bb2 e5 11. e4 d4 12. cxd4 Nxd4 13. Bxd4 exd4 14. e5 Bxb4 15. exf6 Qxf6 16. Bxh7+ Kxh7 17. Qb1+ Bf5 18. Qxb4 Rfd8 19. Qxb7 a5 20. Rfc1 Rab8 21. Qc7 a4 22. Qe5 Qxe5 23. Nxe5 Rb2 24. Nec4 Rc2 25. Rxc2 Bxc2 26. Rc1 Bd3 27. Ne5 Bg6 28. Nxg6 Kxg6 29. g3 Rb8 30. Rc6+ f6 31. Nc4 Rb1+ 32. Kg2 Ra1 33. a3 Kf7 34. Rd6 Rd1 35. Nb2 Rd2 36. Nxa4 Ke7 37. Ra6 Ra2 38. Nc5 Rc2 39. Nd3 Rc3 40. Nf4 Rc5 41. Ra4 d3 42. Nxd3 Rc3 43. Nf4 Kf7 44. Ra7+ Kf8 45. Ne6+ Ke8 46. Nxg7+ Kd8 47. Nf5 1-0


[Site "https://www.chess.com"]

[Event "Titled Tuesday Blitz December 06 Late 2022"]
[White "Kokoszczynski, Jan"]
[Black "Aung Thant Zin"]
[WhiteFideId "1174460"]
[BlackFideId "13000063"]
[WhiteElo "2168"]
[BlackElo "2278"]
[Result "1-0"]
[Round "01"]
[TimeControl "180+1"]
[Date "2022.12.07"]
[WhiteClock "0:00:19"]
[BlackClock "0:00:23"]

1. d4 Nf6 2. c4 e6 3. Nc3 Bb4 4. e3 O-O 5. Bd3 d5 6. Nf3 c5 7. O-O cxd4 8. exd4 h6 9. a3 dxc4 10. Bxc4 Be7 11. Bf4 b6 12. Qe2 Bb7 13. Rfd1 Nd5 14. Bg3 Nd7 15. Nxd5 exd5 16. Bd3 Nf6 17. Rac1 Ne4 18. Bc7 Qe8 19. Bb5 Qc8 20. Bxb6 Qe6 21. Bc7 Rfc8 22. Bf4 g5 23. Be3 f5 24. Ne5 Kg7 25. Rxc8 Rxc8 26. Bd7 Qf6 27. Bxc8 Bxc8 28. Rc1 Ba6 29. Qd1 f4 30. Rc6 Bd6 31. Bc1 Bb7 32. Rc2 Bxe5 33. dxe5 Qxe5 34. b4 d4 35. Bb2 Nc3 36. Qxd4 Qxd4 37. Bxc3 Qxc3 38. Rxc3 Be4 39. Rc7+ Kf6 40. Rxa7 Ke5 41. Ra6 h5 42. Rh6 h4 43. Rh5 Kf5 44. b5 f3 45. gxf3 Bxf3 46. Rh6 Ke5 47. b6 Kd4 48. a4 Kc5 49. a5 Bb7 50. Rh7 Ba6 51. b7 Bxb7 52. Rxb7 Kc6 53. a6 g4 54. Rb3 g3 55. Rxg3 hxg3 56. hxg3 Kb6 57. g4 Kxa6 58. g5 Kb6 59. g6 Kc6 60. g7 Kd5 61. g8=Q+ Ke4 62. Qg3 Kf5 63. Qe3 Kf6 64. Kg2 Kf5 65. Kf3 Kf6 66. Kf4 Kg6 67. Qc5 Kg7 68. Kf5 Kh8 69. Qc7 Kg8 70. Kf6 1-0


[Site "https://www.chess.com"]

[Event "Titled Tuesday Blitz December 06 Late 2022"]
[White "Kollars, Dmitrij"]
[Black "Castellanos Gomez, Alejandro"]
[WhiteFideId "12909572"]
[BlackFideId "22284141"]
[WhiteElo "2584"]
[BlackElo "2168"]
[Result "1-0"]
[Round "01"]
[TimeControl "180+1"]
[Date "2022.12.06"]
[WhiteClock "0:01:17"]
[BlackClock "0:00:33"]

1. c4 e6 2. Nf3 d5 3. g3 Nf6 4. Bg2 Be7 5. O-O O-O 6. d4 dxc4 7. Qc2 b5 8. a4 b4 9. Ne5 Nd5 10. Nxc4 a5 11. Nbd2 Nd7 12. Nb3 c5 13. e4 N5f6 14. d5 exd5 15. exd5 Ra6 16. Bf4 Nh5 17. d6 Bg5 18. Bxg5 Qxg5 19. Nbxa5 Ne5 20. f4 Qg6 21. Be4 f5 22. Nxe5 Qxd6 23. Rad1 Qc7 24. Bd5+ Kh8 25. Nac4 Nf6 26. a5 Nxd5 27. Rxd5 Bb7 28. Rd7 Qc8 29. Rfd1 Rh6 30. Rd8 1-0


[Site "https://www.chess.com"]

[Event "Titled Tuesday Blitz December 06 Late 2022"]
[White "Korchmar, Vasiliy"]
[Black "Mayaud, Raphael"]
[WhiteFideId "24131750"]
[BlackFideId "627151"]
[WhiteElo "2370"]
[BlackElo "2191"]
[Result "1-0"]
[Round "01"]
[TimeControl "180+1"]
[Date "2022.12.07"]
[WhiteClock "0:01:06"]
[BlackClock "0:00:34"]

1. e4 d5 2. exd5 Qxd5 3. Nc3 Qe5+ 4. Be2 c6 5. Nf3 Qc7 6. d4 Nf6 7. Bg5 Bf5 8. O-O Nbd7 9. d5 Nxd5 10. Nxd5 cxd5 11. Qxd5 e6 12. Qd4 h6 13. Bf4 Qc5 14. Rfd1 Qxd4 15. Nxd4 Be4 16. Nb5 Rc8 17. Nxa7 Rxc2 18. Bb5 Bd5 19. Rac1 Rxc1 20. Rxc1 e5 21. Bxe5 Bb4 22. Rc8+ 1-0


[Site "https://www.chess.com"]

[Event "Titled Tuesday Blitz December 06 Late 2022"]
[White "Korobov, Anton"]
[Black "Aggelis, Nikolaos"]
[WhiteFideId "14105730"]
[BlackFideId "4213220"]
[WhiteElo "2635"]
[BlackElo "2189"]
[Result "1-0"]
[Round "01"]
[TimeControl "180+1"]
[Date "2022.12.06"]
[WhiteClock "0:02:01"]
[BlackClock "0:00:15"]

1. d4 d5 2. c4 c6 3. Nc3 Nf6 4. cxd5 Nxd5 5. e4 Nxc3 6. bxc3 g6 7. Bc4 Bg7 8. Ne2 O-O 9. O-O b5 10. Bb3 c5 11. Bd5 cxd4 12. cxd4 e5 13. Bxa8 exd4 14. Bd5 d3 15. Ba3 dxe2 16. Qxe2 Re8 17. Rad1 Qa5 18. Qf3 Be6 19. Bd6 Bxd5 20. exd5 Nd7 21. h4 Qb6 22. Bg3 Be5 23. Rfe1 Qd6 24. Re3 Rd8 25. Rde1 Bxg3 26. Qxg3 Qxg3 27. Re8+ Nf8 28. fxg3 Rxd5 29. Ra8 Kg7 30. Rxa7 h5 31. Ra5 Ne6 32. a4 Nd4 33. axb5 Rxb5 34. Rxb5 Nxb5 35. Kf2 Nd4 36. Re5 Kf6 37. Rd5 Nf5 38. Kf3 Nh6 39. Ke4 Ng4 40. Rd6+ Kg7 41. Ra6 Nf6+ 42. Ke5 Ng4+ 43. Kd6 Nh6 44. Ke7 Nf5+ 45. Ke8 Nxg3 46. Ra7 Nf5 47. Rxf7+ Kh6 48. Rxf5 gxf5 49. Kf7 f4 50. Kf6 Kh7 51. Kg5 Kg7 52. Kxh5 1-0


[Site "https://www.chess.com"]

[Event "Titled Tuesday Blitz December 06 Late 2022"]
[White "Kowalczyk, Pawel"]
[Black "Sanchez, Robert"]
[WhiteFideId "1130641"]
[BlackFideId "2034360"]
[WhiteElo "2324"]
[BlackElo "2360"]
[Result "1-0"]
[Round "01"]
[TimeControl "180+1"]
[Date "2022.12.07"]
[WhiteClock "0:02:26"]
[BlackClock "0:00:45"]

1. a3 e5 2. b4 d5 3. Bb2 Bd6 4. e3 c6 5. c4 Nf6 6. Nf3 e4 7. Nd4 O-O 8. Nc3 a6 9. cxd5 cxd5 10. d3 Qe7 11. dxe4 dxe4 12. Bc4 Nc6 13. Nxc6 bxc6 14. Qb3 Bf5 15. Ne2 a5 16. Nd4 Bd7 17. b5 c5 18. Ne2 a4 19. Qc2 Be5 20. O-O Bxh2+ 21. Kxh2 Ng4+ 22. Kg3 Qg5 23. f4 Qg6 24. Qc3 Nxe3+ 25. Kf2 Nxf1 26. Rxf1 Bf5 27. Ng3 e3+ 28. Qxe3 Be6 29. Bd3 f5 30. Re1 Rfe8 31. Qxc5 h5 32. Bxf5 Bxf5 33. Qxf5 Qb6+ 34. Kf1 h4 35. Qd5+ Kh8 36. Rxe8+ Rxe8 37. Qh5+ Kg8 38. Qxe8+ 1-0


[Site "https://www.chess.com"]

[Event "Titled Tuesday Blitz December 06 Late 2022"]
[White "Krishnan, Varun"]
[Black "Kovacevic, Radmila"]
[WhiteFideId "5054508"]
[BlackFideId "933171"]
[WhiteElo "2555"]
[BlackElo "2244"]
[Result "1-0"]
[Round "01"]
[TimeControl "180+1"]
[Date "2022.12.07"]
[WhiteClock "0:01:18"]
[BlackClock "0:00:14"]

1. d4 e5 2. dxe5 Nc6 3. Nf3 Qe7 4. Nc3 Nxe5 5. Bf4 Nxf3+ 6. gxf3 c6 7. Qd2 d5 8. O-O-O Be6 9. e4 dxe4 10. Nxe4 Qb4 11. Qe3 Nf6 12. Nd6+ Bxd6 13. Bxd6 Qa4 14. Ba3 Nd5 15. Rxd5 cxd5 16. Qc5 Kd8 17. Bb5 Qf4+ 18. Kb1 Qxf3 19. Re1 Qf6 20. Qd6+ Kc8 21. Bb4 Rd8 22. Qg3 a6 23. Ba5 axb5 24. Qc7# 1-0


[Site "https://www.chess.com"]

[Event "Titled Tuesday Blitz December 06 Late 2022"]
[White "Leenhouts, Koen"]
[Black "Joubert, Dantelle"]
[WhiteFideId "1008439"]
[BlackFideId "14310813"]
[WhiteElo "2409"]
[BlackElo "1507"]
[Result "1-0"]
[Round "01"]
[TimeControl "180+1"]
[Date "2022.12.07"]
[WhiteClock "0:00:31"]
[BlackClock "0:00:01"]

1. e4 e5 2. Nf3 Nc6 3. Bb5 Nf6 4. d3 Bc5 5. c3 O-O 6. O-O d5 7. Nbd2 dxe4 8. Nxe4 Nxe4 9. dxe4 Qxd1 10. Rxd1 Bg4 11. Bxc6 bxc6 12. h3 Bxf3 13. gxf3 Rfd8 14. Be3 Bxe3 15. fxe3 Rab8 16. b3 Kf8 17. Kf2 Ke7 18. Ke2 Rd6 19. Rd3 Rbd8 20. Rad1 Rxd3 21. Rxd3 Rd6 22. b4 Rh6 23. b5 cxb5 24. Rd5 c6 25. Rxe5+ Kd6 26. Rg5 Rxh3 27. Rxg7 Rh2+ 28. Kd3 h5 29. Rxf7 c5 30. Rf6+ Ke5 31. Rf5+ Kd6 32. e5+ Ke6 33. Ke4 Rxa2 34. Rf6+ Ke7 35. f4 Rd2 36. Rh6 b4 37. Rh7+ Ke8 38. cxb4 cxb4 39. Rxa7 b3 40. Rb7 b2 41. Kf5 h4 42. Kg4 1-0


[Site "https://www.chess.com"]

[Event "Titled Tuesday Blitz December 06 Late 2022"]
[White "Lewicki, Miroslaw"]
[Black "Rian, Kapriaga"]
[WhiteFideId "1113380"]
[BlackFideId "7103263"]
[WhiteElo "2191"]
[BlackElo "2276"]
[Result "1-0"]
[Round "01"]
[TimeControl "180+1"]
[Date "2022.12.07"]
[WhiteClock "0:01:16"]
[BlackClock "0:00:07"]

1. g3 d5 2. Bg2 Nf6 3. Nf3 Bg4 4. O-O c6 5. Ne5 Bh5 6. b3 Nbd7 7. Bb2 Nxe5 8. Bxe5 e6 9. d3 Be7 10. Nd2 O-O 11. c4 a5 12. Nf3 Re8 13. Qc2 Nd7 14. Bb2 Bf6 15. e4 Bxf3 16. Bxf3 Bxb2 17. Qxb2 dxe4 18. dxe4 Qf6 19. Qe2 e5 20. Rfd1 Nc5 21. Bg4 Red8 22. Qe3 Qe7 23. a3 h6 24. b4 axb4 25. axb4 Ne6 26. Bxe6 Qxe6 27. Qc5 Rxd1+ 28. Rxd1 Qg4 29. Re1 Qe6 30. Kg2 h5 31. h3 Ra2 32. Rd1 Rc2 33. Rd6 Qe7 34. Rxc6 Qg5 35. Rc8+ Kh7 36. Re8 f6 37. Qc8 Qe3 38. Rh8+ Kg6 39. Qe8+ Kg5 40. Rxh5# 1-0


[Site "https://www.chess.com"]

[Event "Titled Tuesday Blitz December 06 Late 2022"]
[White "Liu, Kelsey"]
[Black "Sohal, Tanraj"]
[WhiteFideId "30944481"]
[BlackFideId "2608499"]
[WhiteElo "2271"]
[BlackElo "2203"]
[Result "1-0"]
[Round "01"]
[TimeControl "180+1"]
[Date "2022.12.07"]
[WhiteClock "0:00:51"]
[BlackClock "0:00:39"]

1. e4 d5 2. exd5 Qxd5 3. Nf3 Bg4 4. Be2 c5 5. Nc3 Qd7 6. Ne5 Bxe2 7. Qxe2 Qc7 8. Nd5 Qd6 9. Qb5+ Nc6 10. Nxc6 bxc6 11. Qb7 Rb8 12. Nc7+ Kd7 13. Qxb8 Qxc7 14. Qxf8 Qe5+ 15. Kd1 Nh6 16. Qxh8 Ng4 17. Rf1 Nxh2 18. Qxh7 g6 19. Qh3+ f5 20. Re1 Qf4 21. Qd3+ Kc8 22. Qe3 Qg4+ 23. f3 Qxg2 24. Qe6+ Kb8 25. Qg8+ Kb7 26. Rxe7+ Ka6 27. Qc8+ Kb5 28. Rb7+ Kc4 29. d3+ Kd5 30. Rd7+ Ke5 31. Qe8+ Kf6 32. Rf7# 1-0


[Site "https://www.chess.com"]

[Event "Titled Tuesday Blitz December 06 Late 2022"]
[White "Lopez Gracia, Fernando"]
[Black "Mikaelyan, Arman"]
[WhiteFideId "2207184"]
[BlackFideId "13304852"]
[WhiteElo "2426"]
[BlackElo "2456"]
[Result "0-1"]
[Round "01"]
[TimeControl "180+1"]
[Date "2022.12.07"]
[WhiteClock "0:00:17"]
[BlackClock "0:00:08"]

1. c4 Nf6 2. Nc3 c5 3. Nf3 Nc6 4. d4 cxd4 5. Nxd4 g6 6. e4 Bg7 7. Be3 O-O 8. Be2 d6 9. O-O Bd7 10. h3 Rc8 11. Nf3 a6 12. Rc1 Qa5 13. Nd2 Be6 14. f4 Ne8 15. a3 Nd4 16. f5 gxf5 17. exf5 Nxf5 18. Bf2 Qe5 19. Nf3 Qf4 20. Qd2 Qxd2 21. Nxd2 Nd4 22. Bd3 Bf5 23. Bxf5 Nxf5 24. g4 Nd4 25. Rce1 e6 26. Bg3 b5 27. cxb5 axb5 28. Nde4 d5 29. Ng5 h6 30. Nf3 Nxf3+ 31. Rxf3 Rc4 32. Nxb5 Bxb2 33. Rb1 Bg7 34. Rfb3 Nf6 35. Nd6 Rc2 36. a4 Ne4 37. Nxe4 dxe4 38. a5 Ra2 39. Bc7 f5 40. Rb8 Bd4+ 41. Kh1 Rxb8 42. Rxb8+ Kf7 43. Rd8 Bc3 44. Rd7+ Kg6 45. gxf5+ exf5 46. Rd6+ Kh5 47. Rd5 Kg5 48. Rc5 Bd4 49. Rd5 Be3 50. Bd8+ Kg6 51. Rd6+ Kh5 52. Re6 Bg5 53. Bb6 Kh4 54. a6 Kxh3 55. a7 Ra1+ 56. Bg1 Be3 57. Rg6 Bxg1 58. Rxh6+ Kg4 59. Rg6+ Kf4 60. a8=Q Rxa8 61. Kxg1 Kf3 62. Rf6 f4 63. Rb6 e3 64. Rb1 Rg8+ 65. Kf1 e2+ 66. Ke1 Rg1+ 67. Kd2 Rxb1 0-1


[Site "https://www.chess.com"]

[Event "Titled Tuesday Blitz December 06 Late 2022"]
[White "Mahdavi, Reza"]
[Black "Walentukiewicz, Michal"]
[WhiteFideId "12595926"]
[BlackFideId "1126903"]
[WhiteElo "2242"]
[BlackElo "2028"]
[Result "1-0"]
[Round "01"]
[TimeControl "180+1"]
[Date "2022.12.07"]
[WhiteClock "0:01:17"]
[BlackClock "0:01:45"]

1. d4 g6 2. e4 Bg7 3. Nc3 c5 4. d5 d6 5. Nf3 Nf6 6. Be2 O-O 7. O-O e6 8. Bf4 exd5 9. exd5 Na6 10. h3 Nc7 11. a4 Rb8 12. Bh2 a6 13. a5 b5 14. axb6 Rxb6 15. Nd2 Rb4 16. Nc4 Nfe8 17. Na5 Bb7 18. Nxb7 Rxb7 19. Ra2 Nb5 20. Nxb5 axb5 21. Qd2 Nf6 22. Ra6 Rb6 23. Rfa1 Qb8 24. Bf3 Nd7 25. Rxb6 Qxb6 26. Qa5 Bxb2 27. Qxb6 Nxb6 28. Rb1 Nc4 29. Be2 Be5 30. Rxb5 Bxh2+ 31. Kxh2 Ne5 32. Rb6 Rd8 33. f4 Nd7 34. Rxd6 Kf8 35. Bb5 Ke7 36. Rxd7+ Rxd7 37. Bxd7 Kxd7 38. c4 1-0


[Site "https://www.chess.com"]

[Event "Titled Tuesday Blitz December 06 Late 2022"]
[White "Makridis, Dimitrios"]
[Black "D`Arruda, Ricardo D."]
[WhiteFideId "25864475"]
[BlackFideId "100692"]
[WhiteElo "2272"]
[BlackElo "2465"]
[Result "1-0"]
[Round "01"]
[TimeControl "180+1"]
[Date "2022.12.07"]
[WhiteClock "0:00:18"]
[BlackClock "0:00:25"]

1. e4 c5 2. Nc3 e6 3. f4 d5 4. Nf3 d4 5. Ne2 Nf6 6. d3 Nc6 7. h3 Be7 8. g4 Bd7 9. Bg2 Qc7 10. a3 h6 11. O-O O-O 12. Ng3 Rad8 13. g5 hxg5 14. Nxg5 Nh7 15. h4 Nxg5 16. hxg5 Bxg5 17. Qg4 Be7 18. Kf2 f5 19. exf5 Qd6 20. fxe6 Bxe6 21. Qh5 Ne5 22. Kg1 Ng4 23. Ne4 Qc7 24. Bd2 Nf6 25. Qg6 Bf7 26. Qg3 Nxe4 27. Bxe4 Bd5 28. Rae1 Bxe4 29. Rxe4 Bf6 30. Qg6 Qf7 31. f5 Qxg6+ 32. fxg6 Rde8 33. Rfe1 Rxe4 34. Rxe4 Rd8 35. b4 b6 36. Re6 cxb4 37. axb4 Kf8 38. Bf4 Be7 39. b5 Rd5 40. Rc6 Bd8 41. Rc8 Ke8 42. Ra8 Rd7 43. Bg5 Rd5 44. Bxd8 Rxd8 45. Rxa7 Kf8 46. Rf7+ Kg8 47. Rb7 Kf8 48. Rxb6 Rd5 49. Kf2 Rc5 50. Kf3 Rxc2 51. Ke4 Ke7 52. Rb7+ Kf6 53. Rb6+ Ke7 54. Rc6 Rb2 55. b6 Rb4 56. Rc7+ Kf6 57. b7 Kxg6 58. Kd5 Kf6 59. Kc5 Rb1 60. Rc6+ Ke5 61. Rb6 Rc1+ 62. Kb5 Rb1+ 63. Kc6 Rc1+ 64. Kd7 1-0


[Site "https://www.chess.com"]

[Event "Titled Tuesday Blitz December 06 Late 2022"]
[White "Manukyan, Artyom"]
[Black "Fajdetic, Hrvoje"]
[WhiteFideId "13305786"]
[BlackFideId "14501945"]
[WhiteElo "2078"]
[BlackElo "2154"]
[Result "1-0"]
[Round "01"]
[TimeControl "180+1"]
[Date "2022.12.07"]
[WhiteClock "0:00:06"]
[BlackClock "0:00:10"]

1. e4 e6 2. d4 d5 3. Bd3 dxe4 4. Bxe4 Nf6 5. Bf3 Nbd7 6. Ne2 Bd6 7. O-O e5 8. Ng3 O-O 9. Nf5 Nb6 10. Nxd6 Qxd6 11. dxe5 Qxe5 12. Nc3 Bf5 13. Re1 Qa5 14. Bf4 Nc4 15. Nd5 Nxd5 16. Qxd5 Qxd5 17. Bxd5 Nxb2 18. Bxb7 Rae8 19. Bxc7 Bxc2 20. Bd6 Rxe1+ 21. Rxe1 Rd8 22. Bc7 Rd1 23. Rxd1 Bxd1 24. Kf1 Ba4 25. Ke2 Nc4 26. Kd3 Nb6 27. Kd4 Nd7 28. Kc4 Kf8 29. Kb4 Bd1 30. Ka5 Be2 31. Bd6+ Ke8 32. Bd5 Nb6 33. Bc6+ Kd8 34. Bf8 g6 35. Kb4 Kc7 36. Be4 f5 37. Bc2 Bf1 38. g3 Kc6 39. a4 f4 40. Be4+ Kd7 41. a5 Nc8 42. Bc5 a6 43. gxf4 Nd6 44. Bxd6 Kxd6 45. f5 gxf5 46. Bxf5 h6 47. h4 Ke5 48. Bh7 Kf4 49. Bg8 Kf3 50. Bc4 Bxc4 51. Kxc4 Kxf2 52. Kc5 Kg3 53. Kb6 Kxh4 54. Kxa6 Kg3 55. Kb5 h5 56. a6 h4 57. a7 h3 58. a8=Q Kh2 59. Qb8+ Kg1 60. Qg3+ Kf1 61. Qxh3+ 1-0


[Site "https://www.chess.com"]

[Event "Titled Tuesday Blitz December 06 Late 2022"]
[White "Manukyan, Sargis A."]
[Black "Andreikin, Dmitry"]
[WhiteFideId "13303970"]
[BlackFideId "4158814"]
[WhiteElo "2187"]
[BlackElo "2735"]
[Result "0-1"]
[Round "01"]
[TimeControl "180+1"]
[Date "2022.12.06"]
[WhiteClock "0:00:05"]
[BlackClock "0:00:19"]

1. d4 Nf6 2. c4 e6 3. Nc3 Bb4 4. a3 Bxc3+ 5. bxc3 d6 6. e3 c5 7. Bd3 Nc6 8. Ne2 e5 9. Ng3 O-O 10. d5 Na5 11. O-O b6 12. f4 e4 13. Nxe4 Nxe4 14. Bxe4 Ba6 15. Qh5 g6 16. Qh3 Bxc4 17. Re1 Qf6 18. Bb2 Rae8 19. Bf3 Bb3 20. Rab1 Nc4 21. Ba1 Bc2 22. Rbc1 Be4 23. Be2 b5 24. a4 a6 25. axb5 axb5 26. Bxc4 bxc4 27. Rcd1 Ra8 28. Qg3 Ra2 29. Qh3 Rb8 30. g4 Kg7 31. g5 Qf5 32. Qxf5 gxf5 33. h4 Kg6 34. Rc1 Kh5 35. Kf1 Kg4 36. Red1 Bd3+ 37. Ke1 Re2+ 38. Kf1 Kf3 39. Kg1 Kg3 40. Re1 Rg2+ 41. Kh1 Rh2+ 42. Kg1 Be4 43. Kf1 Bf3 44. Red1 Rh1# 0-1


[Site "https://www.chess.com"]